 Dungeon Crawl Stone Soup version 0.20.1-1-g8b1a95d (webtiles) character file.

103 Peloso the Skirmisher (level 4, -2/35 HPs)
             Began as a Demonspawn Fighter on Oct 13, 2017.
             Killed from afar by an orc wizard (5 damage)
             ... with a puff of frost
             ... on level 3 of the Dungeon.
             The game lasted 00:05:16 (1926 turns).

Peloso the Skirmisher (Demonspawn Fighter)          Turns: 1926, Time: 00:05:16

Health: -2/35      AC:  6    Str: 17    XL:     4   Next: 51%
Magic:  4/4        EV: 10    Int:  9    God:
Gold:   60         SH:  9    Dex: 13    Spells: 3/3 levels left

rFire    . . .     SeeInvis .   a - +0 long sword
rCold    . . .     Gourm    .   c - +0 shield
rNeg     . . .     Faith    .   b - +0 scale mail
rPois    .         Spirit   .   (no helmet)
rElec    .         Reflect  .   (no cloak)
rCorr    .         Harm     .   (no gloves)
MR       .....                  (no boots)
Stlth    +.........             (no amulet)
Regen    0.2/turn               v - +3 ring of evasion
MPRegen  0.1/turn               (no ring)

@: no status effects
A: foul stench 1, nightstalker 1, rot immunity
a: no special abilities


You were on level 3 of the Dungeon.
You were not hungry.

You visited 1 branch of the dungeon, and saw 3 of its levels.

You collected 60 gold pieces.

Inventory:

Hand Weapons
 a - a +0 long sword (weapon)
Armour
 b - a +0 scale mail (worn)
 c - a +0 shield (worn)
Jewellery
 v - a +3 ring of evasion (left hand)
Scrolls
 g - 2 scrolls of identify {unknown}
 i - 2 scrolls of amnesia {unknown}
 j - a scroll of magic mapping {unknown}
 k - 3 scrolls of noise {unknown}
 o - a scroll of fear {unknown}
Potions
 d - a potion of might
 e - a potion of resistance {unknown}
 h - a potion of brilliance {unknown}
 l - a potion of haste {unknown}
 p - a potion of heal wounds {unknown}
 q - 3 potions of curing {unknown}
 r - a potion of mutation {unknown}
Books
 m - a book of Changes

   Spells                             Type                      Level
   a - Beastly Appendage              Transmutation                1
   b - Sticks to Snakes               Transmutation                2
   c - Spider Form                    Transmutation/Poison         3
   d - Ice Form                       Ice/Transmutation            4
   e - Blade Hands                    Transmutation                5
Comestibles
 f - 2 bread rations
 n - a meat ration
 s - a royal jelly
 t - 3 fruits
 u - 3 chunks of flesh


   Skills:
 + Level 3.4 Fighting
 + Level 2.9 Long Blades
 + Level 3.2 Armour
 + Level 0.3 Dodging
 + Level 0.2 Stealth
 + Level 3.3 Shields


You had 3 spell levels left.
You didn't know any spells.

Dungeon Overview and Level Annotations

Branches:
Dungeon (3/15)

Altars:
Qazlal


Innate Abilities, Weirdness & Mutations

You may emit foul miasma when damaged in melee.
You are slightly more attuned to the shadows.
You are immune to rotting.


Message History

A puff of flame appears from out of thin air!
The puff of flame hits you!
Your shield prevents you from hitting something.
Something hits you but does no damage. You block something's attack.
You closely miss something. Something hits you but does no damage.
You miss something.
You hear some strange, mumbled words.
A puff of frost appears from out of thin air!
The puff of frost hits you!
* * * LOW HITPOINT WARNING * * *
You hear some strange, mumbled words.
A puff of frost appears from out of thin air!
The puff of frost hits you!
* * * LOW HITPOINT WARNING * * *
Something hits you but does no damage.
You miss something. Something hits you but does no damage.
You hear some strange, mumbled words.
A puff of frost appears from out of thin air!
The puff of frost hits you!
You die...

#.# #.# #.# #.# #.#
############.##########
.................>.....
################.#####
#@# #{# #o# #o# #o# #!#
#.#


You could see 3 orcs.

Vanquished Creatures
  An orc wizard (D:3)
  3 adders (D:2)
  A worm (D:2)
  A leopard gecko (D:3)
  2 orcs (D:3)
  3 giant cockroaches
  7 goblins
  7 hobgoblins
  6 bats
  3 frilled lizards (D:1)
  6 kobolds
  6 rats
46 creatures vanquished.

Notes
Turn   | Place    | Note
-------+----------+-------------------------------------------
     0 | D:1      | Peloso the Demonspawn Fighter began the quest for the Orb.
     0 | D:1      | Reached XP level 1. HP: 18/18 MP: 1/1
   382 | D:1      | Gained mutation: You are slightly more attuned to the shadows. [demonic ancestry]
   382 | D:1      | Reached XP level 2. HP: 22/24 MP: 2/2
   978 | D:2      | Found a stormy altar of Qazlal.
   979 | D:2      | Noticed a water elemental
   979 | D:2      | Noticed a fire elemental
   981 | D:2      | Noticed an air elemental
   981 | D:2      | Noticed an earth elemental
  1084 | D:2      | Gained mutation: You are immune to rotting. [demonic ancestry]
  1084 | D:2      | Reached XP level 3. HP: 27/29 MP: 3/3
  1735 | D:3      | Gained mutation: You may emit foul miasma when damaged in melee. [demonic ancestry]
  1735 | D:3      | Reached XP level 4. HP: 35/35 MP: 4/4
  1926 | D:3      | Killed from afar by an orc wizard

Skill      XL: |  1  2 |
---------------+-------+-----
Long Blades    | 2 |  2.9
Armour         | 3 |  3.2
Shields        | 3 |  3.3
Fighting       | |  3.4
Dodging        | |  0.3
Stealth        | |  0.2

Action                   |  1- 3 |  4- 6 || total
-------------------------+-------+-------++-------
Melee: Long sword        |   133 |    59 ||   192
  Eat: Chunk             |     3 |     1 ||     4
Armor: Scale mail        |    70 |    19 ||    89
Dodge: Dodged            |    52 |     9 ||    61
Block: Shield            |    63 |    24 ||    87
       Rpst.: Long sword |    11 |     5 ||    16
